Map: Ruins of Seras

Players

Bagain

  • Race: Protoss Protoss
  • League: Gold

아리가또 - Winner!

  • Race: Terran Terran
  • League: Gold

VOD

Have the link to the VOD?

Description

Time

  • Played on: Feb. 4, 2016, 9:07 a.m.
  • Length: 5:45
Show
View Real Time Build Order
Export as new Build Order

Bagain Protoss 

Build Orders: 1 Gate Expand 

Get SALT Encoding   

  12  0:01  Probe (Chrono Boost)  
  13  0:17  Pylon  
  13  0:18  Probe (Chrono Boost)  
  14  0:28  Probe (Chrono Boost)  
  15  0:40  Gateway, Probe (Chrono Boost)  
  16  0:51  Probe (Chrono Boost)  
  17  1:07  Assimilator  
  17  1:21  Nexus  
  17  1:24  Probe (Chrono Boost)  
  18  1:38  Probe (Chrono Boost)  
  19  1:47  Cybernetics Core  
  19  1:54  Pylon  
  19  1:56  Probe (Chrono Boost)  
  20  2:03  Gateway  
  20  2:06  Probe (Chrono Boost)  
  21  2:11  Pylon  
  21  2:24  Probe (Chrono Boost)  
  21  2:25  Assimilator  
  22  2:39  Probe (Chrono Boost)  
  22  2:43  Mothership Core (Chrono Boost)  
  25  2:49  Adept  
  27  2:54  Probe (Chrono Boost)  
  28  2:59  Forge  
  28  3:01  Probe (Chrono Boost)  
  28  3:04  Adept  
  31  3:13  Pylon  
  30  3:27  Probe (Chrono Boost)  
  30  3:28  Probe (Chrono Boost)  
  32  3:36  Pylon  
  32  3:40  Assimilator  
  32  3:45  Photon Cannon, Probe x2 (Chrono Boost)  
  34  3:48  Adept  
  34  3:55  Probe x2 (Chrono Boost)  
  38  4:04  Photon Cannon  
  38  4:06  Probe x2 (Chrono Boost)  
  40  4:13  Stalker  
  40  4:16  Probe (Chrono Boost)  
  43  4:30  Robotics Facility  
  43  4:35  Gateway  
  43  4:37  Pylon  
  34  4:53  Stalker x2  
Show
View Real Time Build Order
Export as new Build Order

아리가또 Terran - Winner!

Build Orders: Cyclone Opening 

Get SALT Encoding   

  12  0:01  SCV  
  13  0:13  SCV  
  14  0:18  Supply Depot  
  14  0:25  SCV  
  15  0:37  Refinery  
  15  0:40  SCV  
  16  0:45  Barracks  
  16  0:52  SCV  
  17  1:00  Refinery  
  17  1:04  SCV  
  18  1:16  SCV  
  19  1:32  Marine  
  20  1:34  Orbital Command  
  20  1:41  Supply Depot  
  20  1:48  Factory  
  20  1:50  Marine  
  21  2:00  SCV  
  22  2:09  Barracks Reactor  
  22  2:13  SCV  
  23  2:25  SCV  
  24  2:34  Factory Tech Lab  
  24  2:37  SCV  
  25  2:45  Marine  
  25  2:46  Marine  
  25  2:51  Supply Depot  
  27  2:53  Mag-Field Accelerator  
  27  2:54  Cyclone  
  29  3:14  Command Center  
  29  3:25  Marine  
  29  3:26  Marine, Cyclone  
  34  3:37  Supply Depot  
  34  3:43  Marine  
  34  3:44  Marine  
  34  3:47  SCV  
  37  3:59  Cyclone  
  40  4:16  Marine x2  
  42  4:19  SCV  
  42  4:22  Supply Depot  
  43  4:26  Orbital Command  
  42  4:58  Marine  
  42  4:59  Marine, Cyclone  
  47  5:00  SCV x2  
  49  5:11  Engineering Bay  
  49  5:16  Marine x2  
  49  5:18  SCV  
Tags
 
Add a new tag
Caveats
  • Supply blocks, unpowered buildings, or Contaminate may cause inaccurate times.
  • Supply counts are checked every 10 seconds.